 Dungeon Crawl Stone Soup version 0.19.1-1-g22dce08 (webtiles) character file.

155 esteth the Cudgeler (level 5, -2/32 HPs)
             Began as a Gargoyle Fighter on Jan 12, 2017.
             Slain by Sigmund
             ... wielding a +2 scythe of slicing
              (6 damage)
             ... on level 2 of the Dungeon.
             The game lasted 00:03:51 (1571 turns).

esteth the Cudgeler (Gargoyle Fighter)              Turns: 1571, Time: 00:03:52

Health: -2/32      AC: 14    Str: 20    XL:     5   Next: 37%
Magic:  5/5        EV:  7    Int:  8    God:
Gold:   40         SH:  9    Dex: 10    Spells: 0 memorised, 4 levels left

rFire  . . .     SeeInvis .     a - +0 flail
rCold  . . .     Gourm    .     q - +2 scale mail {rN+}
rNeg   + + .     Faith    .     c - +0 shield
rPois  ∞         Spirit   .     s - +2 hat
rElec  +         Reflect  .     (no cloak)
rCorr  .         Harm     .     (no gloves)
MR     .....                    (no boots)
Stlth  ..........               (no amulet)
                                (no ring)
                                (no ring)

@: no status effects
A: negative energy resistance 1, electricity resistance, unbreathing,
petrification resistance, rot immunity, AC +4
a: no special abilities


You were on level 2 of the Dungeon.
You were hungry.

You visited 1 branch of the dungeon, and saw 2 of its levels.

You collected 40 gold pieces.

Inventory:

Hand Weapons
 a - a +0 flail (weapon)
Armour
 c - a +0 shield (worn)
 q - a +2 scale mail of positive energy (worn)
 s - a +2 hat (worn)
Scrolls
 e - a scroll of identify
 j - a scroll of recharging {unknown}
 l - a scroll of amnesia {unknown}
 m - a scroll of enchant weapon {unknown}
 p - a scroll of remove curse {unknown}
 t - a scroll of blinking {unknown}
Potions
 b - a potion of magic
 n - a potion of brilliance {unknown}
 o - a potion of agility {unknown}
 r - a potion of curing {unknown}
Comestibles
 f - 2 bread rations {@e1}
 g - 3 meat rations {@e2}
 h - 2 chunks of flesh {@w0}
 i - a beef jerky


   Skills:
 - Level 3.2 Fighting
 + Level 5.4 Maces & Flails
 - Level 3.2 Armour
 - Level 3.2 Shields


You had 4 spell levels left.
You didn't know any spells.

Dungeon Overview and Level Annotations

Branches:
Dungeon (2/15)

Altars:

Annotations:
D:2 Sigmund


Innate Abilities, Weirdness & Mutations

You are resistant to torment.
Your stone body is resilient. (AC +4)
You are immune to poison.
You resist negative energy. (rN+)
You are resistant to electric shocks. (rElec)
You can survive without breathing.
You are immune to petrification.
You are immune to rotting.


Message History

Sigmund flickers and vanishes!
Deactivating autopickup; reactivate with Ctrl-A.
You bump into the rock wall.
Something hits you.
* * * LOW HITPOINT WARNING * * *
x2 You feel very mighty all of a sudden.
You are too injured to fight recklessly!
You bump into the rock wall.
Something hits you but does no damage.
You hear some strange, mumbled words.
Something tries to affect you, but you resist.
You're too confused to move!
Something hits you.
* * * LOW HITPOINT WARNING * * *
x2 You are too injured to fight recklessly!
It was a potion of magic.
Magic courses through your body.
You feel less confused.
It was a potion of cancellation.
Your magical effects are unravelling.
You feel magically purged.
You feel a little less mighty now. Something hits you.
You die...

#.# #.# #..###.# #.
#### #.# #.# #.#...# ..
).>###.# #.#
#.#(..#.#.# .##.##.#
##.## #..........
#......#
#####...#######...#.#.#
#.#.####
#................## #
..÷##
#.###...#######..#
#.#########.####.##
#..# .........<...# #@#
#..# ############.# #.#
#... # #.#
#.{g.........# # #.#
##########...# # #.#
.### # #.# #.# #.# #.#


There were no monsters in sight!

Vanquished Creatures
  Natasha (twice) (D:2)
  Terence (D:2)
  3 adders (D:2)
  A gnoll (D:1)
  An ooze (D:1)
  A leopard gecko (D:1)
  5 goblins
  5 hobgoblins
  8 jackals
  A kobold (D:1)
  A quokka (D:2)
  6 bats
  4 frilled lizards
  4 rats
43 creatures vanquished.

Notes
Turn   | Place    | Note
-------+----------+-------------------------------------------
     0 | D:1      | esteth the Gargoyle Fighter began the quest for the Orb.
     0 | D:1      | Reached XP level 1. HP: 14/14 MP: 1/1
   180 | D:1      | Reached XP level 2. HP: 19/19 MP: 2/2
   187 | D:1      | Reached skill level 3 in Maces & Flails
   212 | D:1      | Reached XP level 3. HP: 16/23 MP: 3/3
   941 | D:2      | Reached skill level 4 in Maces & Flails
  1031 | D:2      | Reached XP level 4. HP: 28/28 MP: 4/4
  1050 | D:2      | Noticed Terence
  1068 | D:2      | Killed Terence
  1129 | D:2      | Noticed Natasha
  1140 | D:2      | Killed Natasha
  1140 | D:2      | Reached skill level 5 in Maces & Flails
  1140 | D:2      | Reached XP level 5. HP: 12/32 MP: 5/5
  1454 | D:2      | Noticed Natasha
  1460 | D:2      | Killed Natasha
  1551 | D:2      | Noticed Sigmund
  1571 | D:2      | Slain by Sigmund

Skill      XL: |  1  2  3  4 |
---------------+-------------+-----
Maces & Flails | 3 4 5 |  5.4
Fighting       | |  3.2
Armour         | |  3.2
Shields        | |  3.2

Action                   |  1- 3 |  4- 6 || total
-------------------------+-------+-------++-------
Melee: Flail             |   131 |    69 ||   200
  Use: Potion            |       |     3 ||     3
       Scroll            |       |     1 ||     1
  Eat: Chunk             |     1 |     1 ||     2
Armor: Scale mail        |    84 |    27 ||   111
Dodge: Dodged            |    43 |    14 ||    57
Block: Shield            |    77 |    21 ||    98
